 Dungeon Crawl Stone Soup version 0.29.0-4-gdea44cf6ec (webtiles) character file.

Game seed: 12964095684529018039

45 qw the Chopper (level 3, 0/21 HPs)
             Began as a Tengu Warper on Aug 29, 2022.
             Killed by nerve-wracking pain
             ... invoked by Jessica
              (14 damage)
             ... on level 2 of the Dungeon.
             The game lasted 00:00:20 (1651 turns).

qw the Chopper (Tengu Warper)                       Turns: 1651, Time: 00:00:21

Health: 0/21       AC:  7    Str: 13    XL:     3   Next: 64%
Magic:  7/7        EV:  9    Int: 13    God:
Gold:   68         SH:  0    Dex: 13    Spells: 6/6 levels left

rFire   . . .      SeeInvis .   Y - +0 hand axe
rCold   . . .      Faith    .   (no shield)
rNeg    . . .      Spirit   .   l - +0 scale mail
rPois   .          Reflect  .   (helmet restricted)
rElec   .          Harm     .   (no cloak)
rCorr   .          Rampage  .   e - +0 pair of gloves
Will    .....                   (boots unavailable)
Stlth   ..........              (no amulet)
HPRegen 0.07/turn               (no ring)
MPRegen 0.10/turn               (no ring)

@: no status effects
A: beak, talons 3
a: no special abilities


You were on level 2 of the Dungeon.
You visited 1 branch of the dungeon, and saw 2 of its levels.

You collected 68 gold pieces.


Innate Abilities, Weirdness & Mutations

You have a beak for a mouth.
You have claws for feet.


   Skills:
 - Level 2.0 Fighting
 + Level 4.3 Axes
 - Level 1.0 Throwing
 - Level 1.1 Armour
 - Level 2.1 Dodging
 - Level 2.0 Spellcasting
 - Level 2.4 Translocations


You had 6 spell levels left.
You didn't know any spells.
Your spell library contained the following spells:

 Spells                   Type           Power      Damage    Failure   Level
 Blink                    Tloc           14%        N/A       56%         2
 Gell's Gravitas          Tloc           7%         N/A       80%         3
 Lesser Beckoning         Tloc           7%         N/A       80%         3
 Teleport Other           Tloc           7%         N/A       80%         3
 Manifold Assault         Tloc           7%         N/A       100%        5

Inventory:

Hand Weapons
 k - a +0 club
 Y - a +0 hand axe (weapon)
Missiles
 d - 7 boomerangs of dispersal
 g - 3 javelins (quivered)
Armour
 e - a +0 pair of gloves (worn)
 l - a +0 scale mail (worn)
Potions
 h - a potion of lignification {unknown}
 j - a potion of haste {unknown}

Dungeon Overview and Level Annotations

Branches:
Dungeon (2/15)

Altars:

Shops:
D:1 *

Annotations:
D:2 Jessica, Natasha


Message History

You feel strangely unstable. The gnoll hits you but does no damage.
You closely miss the gnoll. You claw the gnoll. You peck the gnoll.
You kill the gnoll!
You closely miss the giant cockroach.
You punch the giant cockroach, but do no damage.
The giant cockroach barely misses you. The giant cockroach bites you.
You hit the giant cockroach but do no damage.
You claw the giant cockroach. You peck the giant cockroach.
The giant cockroach is almost dead.
Your surroundings suddenly seem different.
Found a mace.
You start resting.
HP restored.
Jessica and Natasha come into view.
Found a stone staircase leading down.
Jessica shouts!
Natasha casts a spell at you. The magic dart hits you.
Found a spear.
Jessica drinks a potion.
Jessica's spells are empowered!
Natasha claws you but does no damage.
You closely miss Natasha. You claw Natasha, but do no damage. You peck Natasha.
Natasha is lightly wounded.
Jessica mumbles some strange words.
Jessica blinks!
Natasha howls an incantation.
Natasha glows brightly for a moment.
Natasha stares at you and mumbles some strange words.
The magic dart hits you.
You hit Natasha but do no damage. You claw Natasha.
Natasha is heavily wounded.
Jessica casts a spell.
Jessica blinks!
Natasha closely misses you.
You hit Natasha but do no damage.
Natasha is heavily wounded.
Jessica casts a spell at you. Pain shoots through your body!
Ouch! That really hurt!
You die...

.# #.#
...# ..
..>#...#
.#
#..#...#
#.#
#..#..@#
#.#
##).#...#
#.# #
.....ยค.
#.####.#
####.#.#
.......#
#....@h#
........
#.##.#.#
........
#.#.#
.......#
#..#.#
.#####.#
#..#.# .#
# #..#.#
...
#...).
...
#..#.#
..## #...


You could see Natasha and Jessica (empowered).

Vanquished Creatures
  A gnoll (D:2)
  An adder (D:2)
  A dart slug (D:1)
  An endoplasm (D:2)
  2 giant cockroaches (D:1)
  A hobgoblin (D:1)
  2 jackals (D:2)
  2 quokkas (D:1)
  3 ball pythons (D:1)
  5 bats
  A frilled lizard (D:2)
  2 kobolds (D:1)
22 creatures vanquished.

Vanquished Creatures (others)
  A fungus (D:1)
1 creature vanquished.

Grand Total: 23 creatures vanquished

Notes
Turn   | Place    | Note
-------+----------+-------------------------------------------
     0 | D:1      | qw the Tengu Warper began the quest for the Orb.
     0 | D:1      | Reached XP level 1. HP: 12/12 MP: 4/4
     0 | D:1      | 0 ||| qw: Version: 0.1-a-89-g26bdef1
     0 | D:1      | 0 ||| qw: Game counter: 3545
     0 | D:1      | 0 ||| qw: Always use a shield: true
     0 | D:1      | 0 ||| qw: God list: Okawaru
     0 | D:1      | 0 ||| qw: Allow faded altars: false
     0 | D:1      | 0 ||| qw: Do Orc after D:15 true
     0 | D:1      | 0 ||| qw: Do second Lair branch before Depths: true
     0 | D:1      | 0 ||| qw: Lair rune preference: random
     0 | D:1      | 0 ||| qw: Plans: Normal
     0 | D:1      | 0 ||| PLANNING D:1-11
    18 | D:1      | 18 ||| Stepping ~*~*~tactically~*~*~ (hiding).
   323 | D:1      | 323 ||| Stepping ~*~*~tactically~*~*~ (hiding).
   457 | D:1      | Found Zyukim's General Store.
   467 | D:1      | 467 ||| SHOPLISTING +3 chain mail of cold resistance (291
                  | gold, have 11).
   467 | D:1      | 467 ||| SHOPLISTING potion of curing (33 gold, have 11).
   467 | D:1      | 467 ||| SHOPLISTING potion of heal wounds (55 gold, have
                  | 11).
   467 | D:1      | 467 ||| SHOPLISTING scroll of brand weapon (104 gold, have
                  | 11).
   551 | D:1      | Reached XP level 2. HP: 17/17 MP: 6/6
   561 | D:1      | Reached skill level 3 in Axes
  1195 | D:1      | Found a faded altar of an unknown god.
  1202 | D:1      | 1202 ||| UPGRADING to +0 pair of gloves.
  1207 | D:1      | 1207 ||| UPGRADING to +0 ring mail.
  1217 | D:1      | 1217 ||| DROPPING +0 leather armour.
  1218 | D:1      | 1218 ||| UPGRADING to +0 scale mail.
  1228 | D:1      | 1228 ||| DROPPING +0 ring mail.
  1229 | D:1      | 1229 ||| READING 2 scrolls labelled JIASHI ROZXOONOAFI.
  1233 | D:1      | 1233 ||| DROPPING scroll of blinking.
  1368 | D:2      | Reached XP level 3. HP: 14/21 MP: 7/7
  1369 | D:2      | Reached skill level 4 in Axes
  1372 | D:2      | HP: 2/21 [gnoll/+0 whip (5)]
  1373 | D:2      | 1373 ||| READING scroll of teleportation.
  1647 | D:2      | Noticed Jessica
  1647 | D:2      | Noticed Natasha
  1651 | D:2      | Killed from afar by Jessica

Levels and vault maps discovered:
D:1:      dpeg_arrival_rhombus, layout_basic, serial_shops,
          nicolae_diamond_shop, shapermc_ecumenical_altar_acropolis
D:2:      cheibrodos_helix_gallery, layout_basic, uniq_jessica, uniq_natasha

Skill      XL: |  1  2  3 |
---------------+----------+-----
Axes           | 3 4 |  4.3
Fighting       | |  2.0
Throwing       | |  1.0
Armour         | |  1.1
Dodging        | |  2.1
Spellcasting   | |  2.0
Translocations | |  2.4

Action                   || total
-------------------------++-------
Melee: Hand axe          ||    65
       Kick              ||    15
       Peck              ||    12
       Punch             ||     1
Throw: Javelin           ||    18
  Use: Scroll            ||     2
Armor: Leather armour    ||     9
       Scale mail        ||    29
Dodge: Dodged            ||    43

Table legend:
 A = Non-vault XP
 B = Vault XP
 C = Vault XP percentage of total XP
 D = Non-vault monster count
 E = Vault monster count
 F = Vault count percentage of total count
                 A         B        C        D         E       F
            +---------+---------+-------+---------+---------+-------
      Total |      37 |      28 |  43.1 |      20 |       2 |   9.1
            +---------+---------+-------+---------+---------+-------
        D:1 |      24 |       0 |   0.0 |      13 |       0 |   0.0
        D:2 |      13 |      28 |  68.3 |       7 |       2 |  22.2
            +---------+---------+-------+---------+---------+-------
